 Dungeon Crawl Stone Soup version 0.29.1-2-gbd0b4ee654 (webtiles) character file.

Game seed: 6855831919689287455

10686 Arcadio the Thaumaturge (level 11, -2/54 HPs)
             Began as a Deep Elf Conjurer on Nov 18, 2022.
             Was a Priest of Vehumet.
             Engulfed by a cloud of flame (23 damage)
             ... in a volcano on Nov 21, 2022.
             The game lasted 01:32:35 (14838 turns).

Arcadio the Thaumaturge (Deep Elf Conjurer)        Turns: 14838, Time: 01:32:36

Health: -2/54      AC: 13    Str:  4    XL:     11   Next: 39%
Magic:  30/30      EV: 22    Int: 28    God:    Vehumet [***...]
Gold:   565        SH:  5    Dex: 15    Spells: 8/36 levels left

rFire   . . .      SeeInvis .   s - +6 whip of Koreopeu {drain, +Blink Dex+2}
rCold   . . .      Faith    .   (no shield)
rNeg    . . .      Spirit   .   K - +1 robe {Will+}
rPois   .          Reflect  +   f - +1 helmet
rElec   .          Harm     .   J - +0 cloak
rCorr   .          Rampage  .   x - +2 pair of gloves
Will    ++...                   (no boots)
Stlth   ++........              b - amulet of reflection
HPRegen 0.18/turn               m - +4 ring of protection
MPRegen 0.22/turn               t - +4 ring of evasion

@: no status effects
A: no striking features
a: Renounce Religion, Evoke Blink


You were in a volcano.
You worshipped Vehumet.
Vehumet was most pleased with you.
You visited 3 branches of the dungeon, and saw 11 of its levels.
You also visited: Sewer, Ossuary, Bailey and Volcano.

You collected 722 gold pieces.
You spent 157 gold pieces at shops.

Inventory:

Hand Weapons
 e - a +0 rapier
 j - a +5 trident of freezing
 s - the +6 whip of Koreopeu (weapon) {drain, +Blink Dex+2}
   (You found it on level 2 of the Dungeon)

   A truly terrible weapon, it drains the life of any living foe it strikes.
   Dex:       It affects your dexterity (+2).
   +Blink:    It lets you blink.
Armour
 a - a +0 robe
 c - an orb of wrath
 d - a +0 leather armour
 f - a +1 helmet (worn)
 x - a +2 pair of gloves (worn)
 J - a +0 cloak (worn)
 K - a +1 robe of willpower (worn)
Jewellery
 b - an amulet of reflection (around neck)
 m - a +4 ring of protection (left hand)
 t - a +4 ring of evasion (right hand)
 B - a ring of resist corrosion
 D - an amulet of guardian spirit
 L - a ring of protection from fire
Wands
 r - a wand of flame (15)
 v - a wand of mindburst (43)
 I - a wand of charming (14)
Scrolls
 k - 3 scrolls of amnesia
 l - 4 scrolls of butterflies
 p - a scroll of blinking {unknown}
 u - 2 scrolls of poison {unknown}
 y - 2 scrolls of vulnerability {unknown}
 z - a scroll of fear {unknown}
 E - 6 scrolls of immolation {unknown}
 H - a scroll of enchant armour {unknown}
Potions
 g - 2 potions of cancellation
 h - 2 potions of brilliance
 i - 2 potions of haste
 n - a potion of resistance {unknown}
 o - 3 potions of attraction
 w - 2 potions of mutation
 A - 2 potions of ambrosia
 C - a potion of curing
 F - a potion of might {unknown}
 G - 2 potions of lignification {unknown}


   Skills:
 + Level 12.1 Dodging
 - Level 2.4 Stealth
 + Level 13.1 Spellcasting
 + Level 11.7 Conjurations
 + Level 7.3 Hexes


You had 8 spell levels left.
You knew the following spells:

 Your Spells              Type           Power      Damage    Failure   Level
a - Magic Dart            Conj           100%       1d8       0%          1
b - Searing Ray           Conj           100%       2d8       1%          2
c - Dazzling Flash        Conj/Hex       100%       N/A       1%          3
d - Blink                 Tloc           36%        N/A       4%          2
e - Fulminant Prism       Conj/Hex       32%        3d16      1%          4
f - Iskenderun's Mystic   Conj/Tloc      51%        2d11      1%          4
g - Conjure Flame         Conj/Fire      51%        6-21      1%          3
h - Ensorcelled Hibernat  Hex/Ice        76%        N/A       1%          2
i - Anguish               Hex/Necr       19%        N/A       6%          4
j - Spider Form           Tmut/Pois      18%        N/A       9%          3

Your spell library contained the following spells:

 Spells                   Type           Power      Damage    Failure   Level
 Beastly Appendage        Tmut           36%        N/A       3%          1
 Wereblood                Tmut           18%        N/A       4%          2
 Lesser Beckoning         Tloc           18%        N/A       9%          3
 Manifold Assault         Tloc           18%        N/A       63%         5


Dungeon Overview and Level Annotations

Branches:
Dungeon (8/15) Zot: 24861  Temple (1/1) D:7 Zot: 5840    Lair (2/5) D:8 Zot: 9878
 Shoals (0/4) Lair:2        Snake (0/4) Lair:2        Sewer (visited)
Ossuary (visited)          Bailey (visited)         Volcano (1/1) Zot: 5759

Altars:
Ashenzari
Cheibriados
Dithmenos
Fedhas
Gozag
Kikubaaqudgha
Makhleb
Nemelex Xobeh
Qazlal
Ru
Sif Muna
Uskayaw
Vehumet
Wu Jian
Xom
Zin
The Shining One

Shops:
D:3 =   D:5 *

Annotations:
D:3 Sigmund
D:4 1 runed translucent door, Crazy Yiuf


Message History

The red devil is almost dead.
You finish channelling your searing ray.
The red devil closely misses you.
The red devil hits you from afar with a +0 trident of flaming!
* * * LOW HITPOINT WARNING * * *
Barbed spikes become lodged in your body.
The red devil burns you.
* * * LOW HITPOINT WARNING * * *
Casting: Searing Ray (safe; 1% risk of failure)
Confirm with . or Enter, or press ? or * to list all spells.
Aiming: Searing Ray (safe; 1% risk of failure)
Press: ? - help, Shift-Dir - straight line, f/p - red devil
Aim: a red devil, wielding a +0 trident of flaming (almost dead, 76% to hit)
The searing ray hits the red devil!
You kill the red devil!
Vehumet accepts your kill.
You feel your power returning. (Press . to maintain the ray.)
The barbs in your skin will harm you if you move.
Continue? [Y]es or [N]o only, please.
The barbs in your skin will harm you if you move.
Continue?
Okay, then.
The barbs in your skin will harm you if you move.
Continue?
Okay, then.
You start resting.
You carefully extract the barbed spikes from your body.
You start resting.
Magic restored.
You start resting.
The air gets thick with the scent of sulphur.
You start resting.
In the distance, the volcano erupts with a roar.
You start resting.
The air gets thick with the scent of sulphur.
You start resting.
In the distance, the volcano erupts with a roar.
You are engulfed in blazing flames.
Unknown command.
You are engulfed in blazing flames.
You die...

## .☼ ○# ○○# #○# ##°#
#@### ### #○°○#...##...#
# #°○○○○○.......#.
##○○○☼☼○○≈≈≈....###
##☼○§§§○≈°°§≈§≈....#
###.§○§§§≈○§○§≈≈≈≈....
#....○§§≈○°○☼§≈≈≈.§..#
#...§§§≈≈≈☼°°≈≈≈§≈....
###....≈≈≈≈≈≈§§≈§≈.....#


There were no monsters in sight!

Vanquished Creatures
  2 hydras
  A two-headed ogre (D:8)
  A black mamba (Lair:1)
  2 cane toads (Lair:1)
  A rime drake (Lair:1)
  4 komodo dragons
  2 red devils (Volcano)
  A polar bear (Lair:1)
  8 blink frogs (Lair:1)
  4 humans (Bailey)
  A wyvern (D:7)
  An acid dragon (D:7)
  2 water moccasins
  A hell hound (Volcano)
  A sky beast (D:7)
  2 orc warriors (D:7)
  Pargi (D:4)
  3 centaurs
  A kobold brigand (D:8)
  Blork the orc (D:4)
  9 bullfrogs
  2 necrophages (D:7)
  A gnoll sergeant (D:8)
  A scorpion (D:6)
  11 wights
  5 killer bees (D:6)
  A quasit (D:8)
  3 hounds
  2 iron imps
  A jelly (D:6)
  3 orc priests
  2 gnoll boudas
  4 iguanas
  5 orc wizards
  9 mummies
  10 adders
  13 gnolls
  A shadow imp (D:6)
  5 white imps
  An ufetubus (D:5)
  A worm (D:2)
  A dart slug (D:1)
  22 orcs
  14 bats
  3 endoplasms
  4 giant cockroaches
  A gnoll zombie (Ossuary)
  10 goblins
  10 hobgoblins
  3 jackals (D:1)
  18 kobolds
  8 quokkas
  8 ball pythons
  A frilled lizard (D:1)
  A goblin zombie (D:7)
  3 hobgoblin zombies (D:7)
  2 kobold skeletons (D:7)
  5 kobold zombies
  7 orc zombies
  6 rats
257 creatures vanquished.

Vanquished Creatures (others)
  3 demonic plants (D:8)
  20 fulminant prisms
  3 fungi (Lair:1)
  13 plants
39 creatures vanquished.

Grand Total: 296 creatures vanquished

Notes
Turn   | Place    | Note
-------+----------+-------------------------------------------
     0 | D:1      | Arcadio the Deep Elf Conjurer began the quest for the Orb.
     0 | D:1      | Reached XP level 1. HP: 10/10 MP: 6/6
   266 | D:1      | Reached XP level 2. HP: 15/15 MP: 6/8
   269 | D:1      | Learned a level 2 spell: Searing Ray
   930 | D:1      | Reached XP level 3. HP: 19/19 MP: 8/10
  1205 | D:1      | Learned a level 3 spell: Dazzling Flash
  1235 | D:1      | Found a faded altar of an unknown god.
  1500 | D:2      | Learned a level 2 spell: Blink
  1657 | D:2      | Identified the +6 whip of Koreopeu {drain, +Blink Dex+2}
  1823 | D:2      | Reached skill level 4 in Spellcasting
  1837 | D:2      | Reached skill level 5 in Conjurations
  2024 | D:2      | Found an ornate altar of the Wu Jian Council.
  2673 | D:3      | Reached XP level 4. HP: 24/24 MP: 10/12
  2797 | D:3      | Noticed Sigmund
  2977 | D:3      | Found a broken altar of Ashenzari.
  3305 | D:3      | Found Uza Noxt's Jewellery Boutique.
  3672 | D:4      | Reached XP level 5. HP: 28/28 MP: 5/14
  3741 | D:4      | Learned a level 4 spell: Fulminant Prism
  3772 | D:4      | Noticed Pargi
  3779 | D:4      | Killed Pargi
  3780 | D:4      | Reached skill level 5 in Spellcasting
  3900 | D:4      | Found a glowing drain.
  3917 | Sewer    | Entered a sewer
  4010 | Sewer    | Noticed a water moccasin
  4016 | Sewer    | Killed a water moccasin
  4017 | Sewer    | Reached skill level 5 in Dodging
  4017 | Sewer    | Reached XP level 6. HP: 32/32 MP: 7/16
  4117 | D:4      | Noticed Blork the orc
  4122 | D:4      | Killed Blork the orc
  4180 | D:4      | Reached skill level 6 in Spellcasting
  4374 | D:4      | Found an ancient bone altar of Kikubaaqudgha.
  4457 | D:4      | Found a runed translucent door.
  4458 | D:4      | Noticed Crazy Yiuf
  4539 | D:5      | Entered Level 5 of the Dungeon
  4695 | D:5      | Reached XP level 7. HP: 36/36 MP: 15/18
  5111 | D:5      | Found a shadowy altar of Dithmenos.
  5311 | D:5      | Found Oroamon's Assorted Antiques.
  5319 | D:5      | Bought a glowing helmet for 157 gold pieces
  5330 | D:5      | Found a sparkling altar of Nemelex Xobeh.
  5637 | D:6      | Found an opulent altar of Gozag.
  5727 | D:6      | Found a snail-covered altar of Cheibriados.
  5736 | D:6      | Reached skill level 7 in Spellcasting
  5793 | D:6      | Found a radiant altar of Vehumet.
  6069 | D:6      | Became a worshipper of Vehumet
  6536 | D:6      | Reached XP level 8. HP: 41/41 MP: 16/21
  6638 | D:6      | Reached skill level 8 in Spellcasting
  7053 | D:7      | Found a flagged portal.
  7124 | Bailey   | Entered a bailey
  7141 | Bailey   | Reached skill level 9 in Spellcasting
  7270 | Bailey   | Reached * piety under Vehumet
  7270 | Bailey   | Offered knowledge of Freeze by Vehumet.
  7275 | Bailey   | Reached XP level 9. HP: 18/45 MP: 9/24
  7291 | Bailey   | Noticed Prince Ribbit
  7291 | Bailey   | Noticed a vault guard
  7295 | Bailey   | HP: 2/45 [human/+2 vorpal hand axe (2)]
  7565 | D:7      | Found a glowing golden altar of the Shining One.
  7930 | D:7      | Found a staircase to the Ecumenical Temple.
  8001 | Temple   | Entered the Ecumenical Temple
  8210 | D:7      | Reached skill level 10 in Spellcasting
  8789 | D:6      | Reached ** piety under Vehumet
  9199 | D:7      | Reached skill level 10 in Dodging
  9388 | D:7      | Offered knowledge of Sandblast by Vehumet.
  9565 | D:7      | Reached skill level 11 in Spellcasting
  9565 | D:7      | Reached skill level 10 in Conjurations
  9908 | D:8      | Reached skill level 1 in Hexes
  9962 | D:8      | Noticed a queen bee
  9982 | D:8      | Found a sand-covered staircase.
  9993 | Ossuary  | Entered an ossuary
 10008 | Ossuary  | Reached XP level 10. HP: 50/50 MP: 17/27
 10687 | D:8      | Found a shimmering altar of Xom.
 10731 | D:8      | Offered knowledge of Conjure Flame by Vehumet.
 10763 | D:8      | Learned a level 4 spell: Iskenderun's Mystic Blast
 10767 | D:8      | Learned a level 3 spell: Conjure Flame
 10937 | D:8      | Noticed a two-headed ogre
 10952 | D:8      | Killed a two-headed ogre
 11712 | D:8      | Found a burning altar of Makhleb.
 11792 | D:8      | Noticed a four-headed hydra
 11809 | D:8      | Killed a four-headed hydra
 11853 | D:8      | Reached *** piety under Vehumet
 12053 | D:8      | Learned a level 2 spell: Ensorcelled Hibernation
 12107 | D:8      | Found a staircase to the Lair.
 12142 | D:8      | Noticed a five-headed hydra
 12142 | D:8      | a five-headed hydra changed into a tyrant leech
 12476 | Lair:1   | Entered Level 1 of the Lair of Beasts
 12476 | Lair:1   | Noticed a four-headed hydra
 12490 | Lair:1   | Noticed a cane toad
 12492 | Lair:1   | Noticed a black mamba
 12493 | Lair:1   | Reached skill level 12 in Spellcasting
 12495 | Lair:1   | Killed a four-headed hydra
 12496 | Lair:1   | Reached skill level 5 in Hexes
 12777 | Lair:1   | HP: 2/50 [blink frog (11)]
 12779 | Lair:1   | Killed a black mamba
 13190 | Lair:1   | Killed a cane toad
 13191 | Lair:1   | Reached XP level 11. HP: 54/54 MP: 23/29
 13766 | Lair:1   | Reached skill level 13 in Spellcasting
 14489 | Lair:2   | Found a staircase to the Snake Pit.
 14587 | Lair:2   | Found a dark tunnel.
 14597 | Volcano  | Entered a volcano
 14604 | Volcano  | Learned a level 4 spell: Anguish
 14608 | Volcano  | Learned a level 3 spell: Spider Form
 14619 | Volcano  | Noticed a red ugly thing
 14838 | Volcano  | Engulfed by a cloud of flame

Illustrated notes

Levels and vault maps discovered:
D:1:      dpeg_arrival_lava_temple_mockup, layout_loops_corners,
          dreamdust_ecumenical_altar_statues, minmay_unequal
D:2:      layout_basic, minmay_crystal_water, minmay_hexomino_r4
D:3:      cheibrodos_greedy_goblins, layout_basic, lemuel_round_altar,
          serial_shops, shop, uniq_sigmund
D:4:      layout_cave_pools, kiku_gazebo_garden_becter, serial_forest,
          infiniplex_forest_end_3, infiniplex_forest_lined_corner,
          infiniplex_forest_end_3, infiniplex_forest_lined_room_2,
          portal_sewer_entry_f, corexii_checkpoint_a, uniq_blork_the_orc,
          uniq_crazy_yiuf_cottage, uniq_pargi
D:5:      wad_river_or_something, layout_gridville,
          mainiacjoe_overflow_brackets, nemelex_diamond_rough_becter,
          minitemple, serial_shops, nicolae_shop_temple_entry_statues_fountains
D:6:      layout_loops_ring, nicolae_vehumet_radiance, slow_altar_1,
          mainiacjoe_overflow_cross_hatched
D:7:      layout_gridville, nicolae_tso_besieged_by_evil, temple_pool_b,
          enter_bailey_4
D:8:      layout_cave_pods, nicolae_hepliaklqana_monster_ancestors,
          mainiacjoe_overflow_alcove_1, kennysheep_little_box,
          david_lair_shrubbed, serial_demonic, serial_demonic_e,
          serial_demonic_g, serial_demonic_e, serial_demonic_c,
          gup_ossuary_entry_pyramid
Temple:   nicolae_temple_two_arcs
Lair:1:   layout_hall_layers, grunt_megastairs_1
Lair:2:   layout_regular_city, minmay_shoals_entry_centaurs,
          guppyfry_snake_entry_island, nicolae_volcano_entry_two_sided
Volcano:  volcano_pools

Skill      XL: |  1  2  3  4  5  6  7  8  9 10 11 |
---------------+----------------------------------+-----
Dodging        | 3 4 5 6 8 10 11 12 | 12.1
Spellcasting   | 4 5 6 7 9 11 12 13 | 13.1
Conjurations   | 5 6 7 8 10 11 | 11.7
Hexes          | 1 6 7 |  7.3
Stealth        | |  2.4

Action                   |  1- 3 |  4- 6 |  7- 9 | 10-12 || total
-------------------------+-------+-------+-------+-------++-------
Melee: Rapier            |     4 |       |       |       ||     4
       Whip              |     2 |     5 |     5 |     6 ||    18
       Punch             |     1 |     1 |       |       ||     2
 Cast: Magic Dart        |    78 |    70 |    50 |    19 ||   217
       Searing Ray       |     2 |    13 |    98 |    73 ||   186
       Fulminant Prism   |       |       |     2 |    18 ||    20
       Blink             |       |       |     1 |     4 ||     5
       Ensorcelled Hiber |       |       |       |     4 ||     4
       Iskenderun's Myst |       |       |       |     2 ||     2
Evoke: Wand              |       |       |       |     1 ||     1
  Use: Scroll            |     3 |     2 |    13 |     6 ||    24
       Potion            |       |       |     6 |     3 ||     9
 Stab: Sleeping          |       |       |     1 |       ||     1
Armor: Robe              |     1 |     4 |    30 |    19 ||    54
Dodge: Dodged            |     7 |    16 |   220 |    76 ||   319
Block: Other             |       |       |    17 |    17 ||    34
       Reflection        |       |       |     3 |     1 ||     4
